 Dungeon Crawl Stone Soup version 0.31-a0-188-g5e087ee2ca (webtiles) character file.

Game seed: 3072732228891194819

26 qw the Shooter (level 2, 0/16 HPs)
             Began as a Deep Elf Hunter on June 23, 2023.
             Succumbed to their own poison gas
             ... on level 1 of the Dungeon.
             The game lasted 00:00:15 (683 turns).

qw the Shooter (Deep Elf Hunter)                     Turns: 683, Time: 00:00:16

Health: 0/16       AC:  3    Str:  8    XL:     2   Next: 89%
Magic:  4/4        EV: 12    Int: 13    God:
Gold:   29         SH:  0    Dex: 18    Spells: 1/1 levels left

rFire   . . .        Y - +0 shortbow
rCold   . . .        (shield currently unavailable)
rNeg    . . .        c - +0 leather armour
rPois   .            (no helmet)
rElec   .            (no cloak)
rCorr   +            (no gloves)
SInv    .            (no boots)
Will    .....        (no amulet)
Stlth   ++           i - ring of resist corrosion
HPRegen 0.22/turn    (no ring)
MPRegen 0.09/turn

%: no passive effects
@: lethally poisoned (0 -> -4)
A: no striking features
a: no special abilities


You were on level 1 of the Dungeon.
You visited 1 branch of the dungeon, and saw 1 of its levels.

You collected 29 gold pieces.


   Skills:
 - Level 1.5 Fighting
 + Level 6.6 Ranged Weapons
 - Level 2.4 Dodging
 - Level 1.2 Stealth


You had one spell level left.
You didn't know any spells.
Your spell library was empty.

Inventory:

Hand Weapons
 Y - a +0 shortbow (weapon)
Armour
 c - a +0 leather armour (worn)
Jewellery
 i - a ring of resist corrosion (left hand)

Dungeon Overview and Level Annotations

Branches:
Dungeon (1/15)

Altars:


Message History

Your surroundings suddenly seem different.
Done exploring.
677 ||| READING scroll labelled LUESSO ZYTUMP.
Blink to where?
Press: ? - help, Dir - move target, f - you Are you sure you want to cancel this blink?
As you read the scroll labelled LUESSO ZYTUMP, it crumbles to dust.
It was a scroll of blinking.
Done exploring.
678 ||| READING scroll labelled IHYUVA ISIAT.
The air fills with toxic fumes!
As you read the scroll labelled IHYUVA ISIAT, it crumbles to dust.
It was a scroll of poison.
Done exploring.
679 ||| DROPPING scroll of butterflies.
You drop a scroll of butterflies.
Done exploring.
(D) Dungeon
Where to? (* - list waypoints, ? - help)
What level of the Dungeon? (default 1, ? - help) Sorry, I don't know how to get there.
Enter note:
Enter note:
Enter note:
Enter note:
Enter note:
Enter note:
Enter note:
Enter note:
Enter note: Really walk into that cloud of poison gas?
You are engulfed in poison gas.
You are poisoned.
Ouch! That really hurt!
You feel very sick.
681 ||| Stepping ~*~*~tactically~*~*~ (cloud).
You feel sick.
There is a lethal amount of poison in your body!
You feel sick.
There is a lethal amount of poison in your body!
You die...

#######.#######....# ######
#.).....#######....#
#.#####.#######....#
#.#####.#######....#
#.#####.#######....###########
#.....#.......................
#####.########################
##.##¤¤¤¤¤¤#### #...
##.####¤##@#############.##
##.####¤¤¤¤¤¤¤¤¤¤¤.......#
##.####¤¤#¤###############
##.####..#¤..##
##.#########.##
##.#######...##
##.#######.#### #.........#
#.#########


There were no monsters in sight!

Vanquished Creatures
  5 endoplasms (D:1)
  3 giant cockroaches (D:1)
  A goblin (D:1)
  A hobgoblin (D:1)
  2 jackals (D:1)
  4 kobolds (D:1)
  A quokka (D:1)
  2 bats (D:1)
  2 frilled lizards (D:1)
  2 rats (D:1)
23 creatures vanquished.

Notes
Turn   | Place    | Note
-------+----------+-------------------------------------------
     0 | D:1      | qw the Deep Elf Hunter began the quest for the Orb.
     0 | D:1      | Reached XP level 1. HP: 12/12 MP: 3/3
     0 | D:1      | 0 ||| qw: Version: 0.3-a-9-g12657ce
     0 | D:1      | 0 ||| qw: Game counter: 3988
     0 | D:1      | 0 ||| qw: Always use a shield: true
     0 | D:1      | 0 ||| qw: God list: Okawaru
     0 | D:1      | 0 ||| qw: Allow faded altars: false
     0 | D:1      | 0 ||| qw: Do Orc after D:15 true
     0 | D:1      | 0 ||| qw: Do second Lair branch before Depths: true
     0 | D:1      | 0 ||| qw: Lair rune preference: random
     0 | D:1      | 0 ||| qw: Plans: Normal
     0 | D:1      | 0 ||| PLANNING D:1-11
   149 | D:1      | Reached skill level 6 in Ranged Weapons
   149 | D:1      | Reached XP level 2. HP: 16/16 MP: 4/4
   197 | D:1      | Found a faded altar of an unknown god.
   670 | D:1      | 670 ||| DROPPING +6 ring of intelligence.
   671 | D:1      | 671 ||| UPGRADING to ring of resist corrosion.
   672 | D:1      | 672 ||| READING scroll labelled OHEWAISEIM.
   673 | D:1      | 673 ||| READING scroll labelled GAUSU NOOQORPH.
   674 | D:1      | 674 ||| READING scroll labelled IFRIVOETAA.
   677 | D:1      | 677 ||| READING scroll labelled LUESSO ZYTUMP.
   678 | D:1      | 678 ||| READING scroll labelled IHYUVA ISIAT.
   679 | D:1      | 679 ||| DROPPING scroll of butterflies.
   681 | D:1      | 681 ||| Stepping ~*~*~tactically~*~*~ (cloud).
   681 | D:1      | HP: 3/16 [poisoned by you (poison gas)]
   682 | D:1      | HP: 1/16 [poisoned by you (poison gas)]
   683 | D:1      | Succumbed to their own poison gas

Levels and vault maps discovered:
D:1:      nicolae_arrival_memento_mori, layout_basic,
          ebering_ecumenical_altar_box

Skill      XL: |  1 |
---------------+----+-----
Ranged Weapons | 6 |  6.6
Fighting       | |  1.5
Dodging        | |  2.4
Stealth        | |  1.2

Action                     || total
---------------------------++-------
   Fire: Shortbow          ||    49
    Use: Scroll            ||     5
 Armour: Leather armour    ||     6
  Dodge: Dodged            ||     8

Table legend:
 A = Non-vault XP
 B = Vault XP
 C = Vault XP percentage of total XP
 D = Non-vault monster count
 E = Vault monster count
 F = Vault count percentage of total count
                 A         B        C        D         E       F
            +---------+---------+-------+---------+---------+-------
      Total |      38 |       0 |   0.0 |      23 |       0 |   0.0
            +---------+---------+-------+---------+---------+-------
        D:1 |      38 |       0 |   0.0 |      23 |       0 |   0.0
            +---------+---------+-------+---------+---------+-------
